 Dungeon Crawl Stone Soup version 0.32-a0-18-g89e19f1974 (webtiles) character file.

Game seed: 9850758506976197202

210 Xavori the Trooper (level 6, 0/51 HPs)
             Began as a Djinni Chaos Knight on Jan 16, 2024.
             Was a Plaything of Xom.
             Killed from afar by an orc wizard (5 damage)
             ... with a magic dart
             ... on level 3 of the Dungeon.
             The game lasted 00:02:45 (9438 turns).

Xavori the Trooper (Djinni Chaos Knight)            Turns: 9438, Time: 00:02:46

Health: 0/51       AC:  5    Str: 10    XL:     6   Next: 12%
Gold:   179        EV: 12    Int: 18    God:    Xom [..*...] SH:  0 Dex: 13

rFire   + + .        a - +0 falchion (chaos)
rCold   x . .        (no shield)
rNeg    . . .        b - +2 leather armour
rPois   ∞            (no helmet)
rElec   +            (no cloak)
rCorr   .            (no gloves)
SInv    .            (boots unavailable)
Will    ++...        l - amulet of faith
Stlth   +            (no ring)
HPRegen 0.28/turn    (no ring)
MPRegen 0.00/turn

%: faith, infuse magic (-1 HP)
@: flying
A: sickness immunity, fire resistance 2, cold vulnerability 1, float, innate
caster, HP casting, extra vitality 1, claws 1, clever 1, strong-willed 2, robust
1, electricity resistance, wild magic 1, noise suppression
a: Renounce Religion


You were on level 3 of the Dungeon.
You worshipped Xom.
You were a toy of Xom.
You visited 1 branch of the dungeon, and saw 4 of its levels.

You collected 179 gold pieces.

Inventory:

Hand Weapons
 a - a +0 falchion of chaos (weapon)
Armour
 b - a +2 leather armour (worn)
Jewellery
 h - a ring of fire
 k - an amulet of the acrobat
 l - an amulet of faith (around neck)
Scrolls
 c - a scroll of butterflies
 d - 2 scrolls of fear {unknown}
 e - a scroll of teleportation {unknown}
 f - 2 scrolls of identify {unknown}
 g - a scroll of blinking {unknown}
 j - a scroll of acquirement {unknown}
Potions
 i - a potion of haste {unknown}
 m - a potion of heal wounds {unknown}
 n - a potion of invisibility {unknown}
 o - 2 potions of mutation {unknown}
 p - 3 potions of enlightenment {unknown}


   Skills:
 + Level 3.7 Fighting
 + Level 3.3 Long Blades
 + Level 2.2 Armour
 + Level 3.2 Dodging
 * Level 2.2 Spellcasting
 * Level 2.2 Conjurations
 * Level 2.2 Hexes
   Level 0.0 Charms
 * Level 2.2 Summonings
 * Level 2.2 Necromancy
 * Level 2.2 Translocations
   Level 0.0 Transmutations
 * Level 2.2 Fire Magic
 * Level 2.2 Ice Magic
 * Level 2.2 Air Magic
 * Level 2.2 Earth Magic
 * Level 2.2 Alchemy


You knew the following spells:

 Your Spells              Type           Power      Damage    Failure   Level
a - Necrotise             Necr           52%        1d6       13%         1
b - Lesser Beckoning      Tloc           26%        N/A       21%         2
Your spell library was empty.

Dungeon Overview and Level Annotations

Branches:
Dungeon (4/15)
 Temple: D:4-7

Altars:
Okawaru

Shops:
D:1 (   D:2 [


Innate Abilities, Weirdness & Mutations

You are immune to sickness and miasma.
You are immune to poison.
Your flesh is very heat resistant. (rF++)
You are vulnerable to cold. (rC-)
You float through the air rather than walking.
You learn spells naturally, not from books.
Your magical power is your life essence.
You have superior vitality. (+4 MHP)
You have sharp fingernails.
Your mind is acute. (Int +4, Str/Dex -1)
You are highly strong-willed. (Will++)
You are robust. (+10% HP)
You are resistant to electric shocks. (rElec)
Your spells are a little harder to cast, but a little more powerful.
You passively dampen the noise of your surroundings.


Message History

A magic dart appears from out of thin air!
The magic dart hits you! The orc closely misses you.
You hit the orc but do no damage.
The orc is moderately wounded.
Something hits you. The orc hits you but does no damage.
You closely miss the orc.
The orc is moderately wounded.
You hear some strange, mumbled words.
A magic dart appears from out of thin air!
The magic dart hits you! The orc closely misses you.
You closely miss something.
You hear some strange, mumbled words.
Something tries to affect you, but you resist.
The orc closely misses you. Something hits you.
You miss something. The orc hits you with a +0 war axe.
Something hits you but does no damage.
You hit something.
Nothing appears to happen.
The orc hits you with a +0 war axe. Something hits you but does no damage.
You completely miss something. The orc hits you with a +0 war axe.
Something hits you but does no damage. The orc completely misses you.
You miss something. Something hits you but does no damage.
The orc hits you with a +0 war axe!
You hit something. You burn something. Something hits you.
The orc hits you with a +0 war axe!
* * * LOW HITPOINT WARNING * * *
You hit the orc. You burn the orc.
You kill the orc!
Something hits you.
* * * LOW HITPOINT WARNING * * *
You miss something. Something hits you.
* * * LOW HITPOINT WARNING * * *
You barely miss something.
Something hits you but does no damage. x2
You barely miss something. Something hits you.
* * * LOW HITPOINT WARNING * * *
You hit something.
You hear some strange, mumbled words.
A magic dart appears from out of thin air!
The magic dart hits you.
You die... "It's all fun and games until someone loses an eye."

.# ##....#.####.##[.....##
.######..............#.....#
............#####.######.###
#####....<..#####..........#
..........#.#.......#.######
#####.......#.#####.#..##
###..#.####.# #.#...#
###...........#####.#...#
...............{@##.#.§.#
######.#.......)....#.≈.#
#.#.#######.####§≈§# #.#.#
#.# #§§.# #.#.# #.# #.§§#
#.#.# #.# #...# #.#.# #.#
#.≈.# #.#(#######.# #.≈.#
#.#........(# #.≈§#


There were no monsters in sight!

Vanquished Creatures
  A hound (D:4)
  An orc priest (D:3)
  An orc wizard (D:4)
  6 adders
  2 dart slugs (D:1)
  5 orcs
  3 endoplasms
  3 giant cockroaches
  3 goblins
  5 hobgoblins
  5 jackals (D:1)
  A quokka (D:2)
  4 ball pythons
  2 bats (D:1)
  2 frilled lizards
  2 kobolds
  7 rats
53 creatures vanquished.

Vanquished Creatures (collateral kills)
  An adder (D:2)
  A goblin (D:2)
  A frilled lizard (D:2)
  2 rats (D:2)
5 creatures vanquished.

Grand Total: 58 creatures vanquished

Notes
Turn   | Place    | Note
-------+----------+-------------------------------------------
     0 | D:1      | Xavori the Djinni Chaos Knight began the quest for the Orb.
     0 | D:1      | Reached XP level 1. HP: 20/20 MP: 0/0
    32 | D:1      | Found Etomei's Antique Weapon Shop.
    32 | D:1      | XOM: silly message
    78 | D:1      | Reached XP level 2. HP: 25/25 MP: 0/0
   198 | D:1      | XOM: potion effect (invisibility)
   231 | D:1      | XOM: divination: detect creatures
   394 | D:1      | Reached XP level 3. HP: 30/30 MP: 0/0
   394 | D:1      | Learned a level 1 spell: Necrotise
   412 | D:1      | Reached skill level 1 in Spellcasting
   412 | D:1      | Reached skill level 1 in Conjurations
   412 | D:1      | Reached skill level 1 in Hexes
   412 | D:1      | Reached skill level 1 in Summonings
   412 | D:1      | Reached skill level 1 in Necromancy
   412 | D:1      | Reached skill level 1 in Translocations
   412 | D:1      | Reached skill level 1 in Fire Magic
   412 | D:1      | Reached skill level 1 in Ice Magic
   412 | D:1      | Reached skill level 1 in Air Magic
   412 | D:1      | Reached skill level 1 in Earth Magic
   412 | D:1      | Reached skill level 1 in Alchemy
   772 | D:1      | XOM: summons 2 hostile demons
  2109 | D:1      | XOM: summons 2 hostile demons
  2110 | D:1      | Noticed a ynoxinul
  2279 | D:2      | XOM: scenery: summon butterflies
  3043 | D:1      | XOM is BORED!
  3160 | D:1      | XOM: give mutations
  3160 | D:1      | Gained mutation: Your spells are a little harder to cast,
                  | but a little more powerful. [Xom's mischief]
  3436 | D:1      | XOM: torment (16/30 hp)
  4365 | D:1      | XOM: give mutations
  4365 | D:1      | Gained mutation: You are strong-willed. (Will+) [Xom's
                  | mischief]
  4365 | D:1      | Gained mutation: You have a pair of small horns on your
                  | head. [Xom's mischief]
  4498 | D:1      | XOM: stat loss: -1 Dex (13/14)
  4537 | D:1      | XOM: summons 1 hostile demon
  4760 | D:1      | XOM: give mutations
  4760 | D:1      | Gained mutation: You passively dampen the noise of your
                  | surroundings. [Xom's grace]
  4760 | D:1      | Gained mutation: You are highly strong-willed. (Will++)
                  | [Xom's grace]
  4894 | D:1      | XOM: silly message
  4952 | D:1      | XOM: divination: detect items
  5108 | D:1      | XOM is BORED!
  5108 | D:1      | XOM: noise
  5118 | D:1      | XOM: silly message
  5687 | D:1      | XOM: silly message
  5754 | D:1      | XOM is BORED!
  5754 | D:1      | XOM: give mutation
  5754 | D:1      | Lost mutation: You have a pair of small horns on your head.
                  | [Xom's mischief]
  6072 | D:1      | XOM: scenery: 1 doors close
  6202 | D:1      | XOM: silly message
  6309 | D:1      | XOM: give mutations
  6309 | D:1      | Gained mutation: Your mind is acute. (Int +4, Str/Dex -1)
                  | [Xom's grace]
  6309 | D:1      | Gained mutation: You have sharp fingernails. [Xom's grace]
  6309 | D:1      | Gained mutation: You are robust. (+10% HP) [Xom's grace]
  6309 | D:1      | Gained mutation: You are resistant to electric shocks.
                  | (rElec) [Xom's grace]
  6421 | D:2      | XOM: divination: detect creatures
  6474 | D:2      | Found an iron altar of Okawaru.
  6547 | D:2      | Reached XP level 4. HP: 38/38 MP: 0/0
  6669 | D:2      | XOM: scenery: summon butterflies
  6689 | D:2      | Found Nasaraoburgh's Armour Shop.
  7111 | D:1      | XOM: divination: detect items
  7285 | D:1      | XOM: divination: detect items
  7871 | D:1      | XOM: silly message
  8153 | D:3      | XOM: cast spell 'Fugue of the Fallen'
  8222 | D:3      | XOM: divination: magic mapping
  8495 | D:3      | Reached XP level 5. HP: 44/44 MP: 0/0
  8495 | D:3      | Learned a level 2 spell: Lesser Beckoning
  8780 | D:3      | XOM: silly message
  9036 | D:4      | XOM: divination: detect items
  9101 | D:4      | XOM: potion effect (invisibility)
  9127 | D:4      | XOM: divination: detect items
  9255 | D:4      | XOM: silly message
  9259 | D:4      | XOM: potion effect (curing)
  9266 | D:4      | XOM: potion effect (heal wounds)
  9269 | D:4      | XOM: silly message
  9310 | D:4      | Reached XP level 6. HP: 30/51 MP: 0/0
  9438 | D:3      | Killed from afar by an orc wizard

Illustrated notes

Levels and vault maps discovered:
D:1:      psy_arrival_statuary, layout_basic, serial_shops, shop,
          wad_floor_pattern_1
D:2:      layout_loops_cross, serial_shops, shop, basic_altar,
          hangedman_glass_teeth
D:3:      layout_basic, mainiacjoe_overflow_boulevard
D:4:      layout_loops_ring

Skill      XL: |  1  2  3  4  5 |
---------------+----------------+-----
Spellcasting   | 1 2 |  2.2
Conjurations   | 1 2 |  2.2
Hexes          | 1 2 |  2.2
Summonings     | 1 2 |  2.2
Necromancy     | 1 2 |  2.2
Translocations | 1 2 |  2.2
Fire Magic     | 1 2 |  2.2
Ice Magic      | 1 2 |  2.2
Air Magic      | 1 2 |  2.2
Earth Magic    | 1 2 |  2.2
Alchemy        | 1 2 |  2.2
Long Blades    | 3 |  3.3
Armour         | 2 |  2.2
Dodging        | 3 |  3.2
Fighting       | |  3.7

Action                     |  1- 3 |  4- 6 || total
---------------------------+-------+-------++-------
  Melee: Falchion          |    80 |   143 ||   223
   Stab: Sleeping          |     1 |       ||     1
 Armour: Leather armour    |    66 |   112 ||   178
  Dodge: Dodged            |    65 |    80 ||   145

Table legend: (Time is in decaauts)
 A = Elapsed time spent in this place.
 B = Non-inter-level travel time spent in this place.
 C = Inter-level travel time spent in this place.
 D = Time resting spent in this place.
 E = Time spent auto-exploring this place.
 F = Levels seen in this place.
 G = Mean time per level.
                   A        B        C        D        E       F      G
               +--------+--------+--------+--------+--------+-----+--------+
         Total |   9476 |   9381 |     95 |   6961 |   1861 |   4 | 2369.0 |
       Dungeon |   9476 |   9381 |     95 |   6961 |   1861 |   4 | 2369.0 |
               +--------+--------+--------+--------+--------+-----+--------+

Top non-repeatable levels by time:
     D:1: 6718 daAuts
     D:2: 1400 daAuts
     D:3: 1014 daAuts
     D:4: 343 daAuts
